 Dungeon Crawl Stone Soup version 0.29.1-12-g30fa7ad0bf (webtiles) character file.

Game seed: 3485346641656160881

2024 xzight the Magician (level 9, -4/67 HPs)
             Began as a Djinni Air Elementalist on Dec 25, 2022.
             Was a Believer of Ashenzari.
             Shot with an arrow by a centaur (6 damage)
             ... on level 7 of the Dungeon.
             The game lasted 00:17:19 (9649 turns).

xzight the Magician (Djinni Air Elementalist)       Turns: 9649, Time: 00:17:19

Health: -4/67      AC:  6    Str:  7    XL:     9   Next: 47%
Gold:   361        EV: 17    Int: 25    God:    Ashenzari [**....] SH:  0 Dex: 25

rFire   + + .      SeeInvis +   d - +0 short sword of the Eternal Sage {Evo, Fort} (curse)
rCold   x . .      Faith    .   (no shield)
rNeg    . . .      Spirit   .   a - +0 robe "Cursed Lethargy" {Melee, Fort} (curse)
rPois   ∞          Reflect  .   z - +0 helmet
rElec   .          Harm     .   x - +0 cloak
rCorr   .          Rampage  .   k - +1 pair of gloves "Enlightened Frustration" {Stlth+, Melee, Self} (curse)
Will    .....                   (boots unavailable)
Stlth   +++.......              (no amulet)
HPRegen 0.21/turn               D - +6 ring of dexterity
MPRegen 0.00/turn               v - ring of Amelioration {Int+3 Dex+6 Slay+2}

@: flying
A: sickness immunity, fire resistance 2, cold vulnerability 1, float, innate
caster, HP casting, extra vitality 1
a: Renounce Religion, Shatter the Chains


You were on level 7 of the Dungeon.
You worshipped Ashenzari.
Ashenzari was pleased with you.
You visited 2 branches of the dungeon, and saw 8 of its levels.
You also visited: Sewer.

You collected 361 gold pieces.


Innate Abilities, Weirdness & Mutations

You are immune to sickness and miasma.
You are immune to poison.
Your flesh is very heat resistant. (rF++)
You are vulnerable to cold. (rC-)
You float through the air rather than walking.
You learn spells naturally, not from books.
Your magical power is your life essence.
You have superior vitality. (+4 MHP)


   Skills:
 + Level 5.5(6.7) Fighting
 + Level 6.5 Dodging
 - Level 1.5 Stealth
 * Level 7.1(8.4) Spellcasting


You had 4 spell levels left.
You knew the following spells:

 Your Spells              Type           Power      Damage    Failure   Level
a - Shock                 Conj/Air       100%       1d9       1%          1
b - Static Discharge      Conj/Air       51%        3-10/arc  1%          2
c - Swiftness             Air            51%        N/A       1%          3
d - Airstrike             Air            25%        2d(4-20)  1%          4
e - Freeze                Ice            100%       1d11      1%          1
f - Poisonous Vapours     Pois/Air       100%       N/A       1%          2
g - Ozocubu's Armour      Ice            51%        N/A       1%          3
h - Flame Wave            Conj/Fire      51%        2d13      1%          4
Your spell library was empty.

Inventory:

Hand Weapons
 d - the cursed +0 short sword of the Eternal Sage (weapon) {Evo, Fort}
   (You took it off a kobold on level 1 of the Dungeon)

   It has a curse which improves the following skills: Evocations: Evocations.
   Fortitude: Armour and Shields.
Armour
 a - the cursed +0 robe "Cursed Lethargy" (worn) {Melee, Fort}

   It has a curse which improves the following skills: Melee Combat: Short
   Blades, Long Blades, Axes, Maces & Flails, Polearms, Staves and Unarmed
   Combat.
   Fortitude: Armour and Shields.
 k - the cursed +1 pair of gloves "Enlightened Frustration" (worn) {Stlth+, Melee, Self}
   (You found it on level 2 of the Dungeon)

   It has a curse which improves the following skills: Melee Combat: Short
   Blades, Long Blades, Axes, Maces & Flails, Polearms, Staves and Unarmed
   Combat.
   Introspection: Fighting and Spellcasting.
 x - a +0 cloak (worn)
 z - a +0 helmet (worn)
Jewellery
 v - the ring of Amelioration (right hand) {Int+3 Dex+6 Slay+2}
   (You found it on level 4 of the Dungeon)

   [ring of dexterity]

   Int:       It affects your intelligence (+3).
   Dex:       It affects your dexterity (+6).
   Slay:      It affects your accuracy & damage with ranged weapons and melee
   (+2).
 C - a ring of ice
 D - a +6 ring of dexterity (left hand)
 W - a ring of willpower
Scrolls
 b - a scroll of enchant weapon
 g - a scroll of blinking
 i - 3 scrolls of teleportation {@r2}
 q - 3 scrolls of vulnerability
 r - 8 scrolls of magic mapping
 s - 2 scrolls of enchant armour
 y - a scroll of fog
 A - 2 scrolls of fear
Potions
 e - 2 potions of flight
 f - 2 potions of brilliance
 h - 2 potions of ambrosia
 j - a potion of haste {@q3}
 l - 2 potions of heal wounds {@q2}
 m - 3 potions of curing {@q1}
 n - a potion of lignification
 o - a potion of invisibility
 p - 4 potions of might
 t - a potion of mutation
 u - 2 potions of attraction
 w - a potion of cancellation

Dungeon Overview and Level Annotations

Branches:
Dungeon (7/15)             Temple (1/1) D:4           Sewer (visited)

Altars:
Ashenzari
Cheibriados
Dithmenos
Elyvilon
Fedhas
Gozag
Hepliaklqana
Makhleb
Nemelex Xobeh
Okawaru
Qazlal
Ru
Trog
Uskayaw
Wu Jian
Xom
Yredelemnul
Zin
The Shining One

Annotations:
D:4 1 runed translucent door, wormed's ghost, amateur GnWn
D:6 Maggie
D:7 2 transporters, cowcol's ghost, novice DrBe

.......#......#......##
,
......#..##......##...#
..... #.......##### ,
......#......#..##### ,
#............##.....# ,
**
##.......##..###.####
#.....####...##<#
*#...# #......## .##.,
*#@.....## *
#...#####.# * ##c## #.#
** , #. ### * #.* #. ##


You could see a centaur.


Message History

Aim: a centaur, wielding a +2 shortbow of freezing (severely wounded, 84% to hit)
The zap hits the centaur.
The centaur is severely wounded.
The centaur shoots an arrow.
The arrow misses you.
The centaur shoots an arrow.
The arrow hits you!
* * * LOW HITPOINT WARNING * * *
The arrow freezes you.
* * * LOW HITPOINT WARNING * * *
Casting: Shock (safe; 1% risk of failure)
Confirm with . or Enter, or press ? or * to list all spells.
Aiming: Shock (safe; 1% risk of failure)
Press: ? - help, Shift-Dir - straight line, f/p - centaur
Aim: a centaur, wielding a +2 shortbow of freezing (severely wounded, 84% to hit)
The zap hits the centaur but does no damage.
The centaur is severely wounded.
* * * LOW HITPOINT WARNING * * *
The centaur shoots an arrow.
The arrow hits you!
* * * LOW HITPOINT WARNING * * *
The arrow freezes you!
* * * LOW HITPOINT WARNING * * *
Casting: Shock (safe; 1% risk of failure)
Confirm with . or Enter, or press ? or * to list all spells.
Aiming: Shock (safe; 1% risk of failure)
Press: ? - help, Shift-Dir - straight line, f/p - centaur
Aim: a centaur, wielding a +2 shortbow of freezing (severely wounded, 84% to hit)
The zap hits the centaur.
The centaur is almost dead.
* * * LOW HITPOINT WARNING * * *
The centaur shoots an arrow.
The arrow hits you.
You die...

Skill      XL: |  1  2  3  4  5  6  7  8  9 |
---------------+----------------------------+-----
Spellcasting   | 3 4 5 6 7 |  7.1
Fighting       | 1 2 3 4 5 |  5.5
Dodging        | 3 4 5 6 |  6.5
Stealth        | |  1.5

Action                   |  1- 3 |  4- 6 |  7- 9 || total
-------------------------+-------+-------+-------++-------
 Cast: Shock             |    69 |   139 |   224 ||   432
       Static Discharge  |     1 |    10 |    11 ||    22
       Airstrike         |       |       |     3 ||     3
Invok: Curse Item        |       |     2 |     1 ||     3
  Use: Potion            |       |       |     1 ||     1
Armor: Robe              |     4 |     8 |     5 ||    17
Dodge: Dodged            |    10 |    17 |    34 ||    61

Levels and vault maps discovered:
D:1:      heliophobic_arrival_glass_houses, layout_loops_ring,
          shapermc_ecumenical_altar_ellora
D:2:      layout_basic
D:3:      layout_loops_ring, minmay_misc_feat_five, serial_bayou_lagoon_b
D:4:      minmay_opposing_rooms, layout_basic, hellmonk_ghost_happy_afterlife,
          uniq_robin
D:5:      layout_gridville, uniq_blork_the_orc
D:6:      layout_gridville, minitemple, portal_sewer_entry_d, uniq_maggie,
          uniq_menkaure
D:7:      layout_layer_cave, gammafunk_ghost_arena, nrook_mini_backslash,
          grunt_decor_junction, chequers_decorated_corner
Temple:   nicolae_temple_bog_church

Notes
Turn   | Place    | Note
-------+----------+-------------------------------------------
     0 | D:1      | xzight the Djinni Air Elementalist began the quest for the
                  | Orb.
     0 | D:1      | xzight set off with the following spells memorised: Shock,
                  | Static Discharge, Swiftness, Airstrike.
     0 | D:1      | Reached XP level 1. HP: 15/15 MP: 0/0
   428 | D:1      | Reached XP level 2. HP: 18/21 MP: 0/0
   604 | D:1      | Reached skill level 3 in Spellcasting
   897 | D:1      | Reached XP level 3. HP: 19/25 MP: 0/0
   897 | D:1      | Learned a level 1 spell: Freeze
   978 | D:1      | Found a faded altar of an unknown god.
  2231 | D:3      | Reached XP level 4. HP: 18/31 MP: 0/0
  2460 | D:3      | Reached skill level 4 in Spellcasting
  2679 | D:3      | Reached XP level 5. HP: 24/36 MP: 0/0
  2679 | D:3      | Learned a level 2 spell: Poisonous Vapours
  3078 | D:3      | You are sucked into a shaft and drop 2 floors!
  3078 | D:5      | Entered Level 5 of the Dungeon
  3084 | D:4      | Found a staircase to the Ecumenical Temple.
  3108 | D:4      | Reached skill level 1 in Fighting
  3109 | Temple   | Entered the Ecumenical Temple
  3494 | Temple   | Became a worshipper of Ashenzari the Shackled
  3554 | D:4      | Reached skill level 3 in Dodging
  3554 | D:4      | Reached XP level 6. HP: 32/43 MP: 0/0
  3854 | D:4      | Reached skill level 2 in Fighting
  4321 | D:4      | Identified the ring of Amelioration {Int+3 Dex+6 Slay+2}
  4962 | D:4      | Noticed wormed's ghost (amateur GnWn)
  4962 | D:4      | Found a runed translucent door.
  4964 | D:4      | Noticed Robin
  5116 | D:4      | Killed Robin
  5835 | D:5      | Reached * piety under Ashenzari
  5837 | D:5      | Noticed Blork the orc
  5843 | D:5      | Killed Blork the orc
  5844 | D:5      | Reached XP level 7. HP: 37/49 MP: 0/0
  5844 | D:5      | Learned a level 3 spell: Ozocubu's Armour
  5863 | D:5      | Reached skill level 4 in Dodging
  6212 | D:5      | Reached skill level 3 in Fighting
  6212 | D:5      | Reached skill level 5 in Spellcasting
  6633 | D:5      | Reached XP level 8. HP: 52/56 MP: 0/0
  7316 | D:6      | Reached skill level 5 in Dodging
  7505 | D:6      | Noticed Menkaure
  7513 | D:6      | Killed Menkaure
  7514 | D:6      | Reached skill level 4 in Fighting
  7592 | D:6      | Noticed Maggie
  7634 | D:6      | Found a glowing drain.
  7643 | Sewer    | Entered a sewer
  7908 | Sewer    | Reached skill level 6 in Spellcasting
  8317 | Sewer    | Reached XP level 9. HP: 56/63 MP: 0/0
  8317 | Sewer    | Learned a level 4 spell: Flame Wave
  8630 | D:6      | Found an ornate altar of the Wu Jian Council.
  8635 | D:6      | Found a glowing silver altar of Zin.
  8801 | D:7      | Reached skill level 6 in Dodging
  8878 | D:7      | Reached skill level 5 in Fighting
  9097 | D:7      | Found a transporter.
  9100 | D:7      | Found a transporter.
  9100 | D:7      | Noticed a seven-headed hydra
  9100 | D:7      | Noticed cowcol's ghost (novice DrBe)
  9221 | D:7      | Reached ** piety under Ashenzari
  9298 | D:7      | Reached skill level 7 in Spellcasting
  9648 | D:7      | HP: 3/67 [centaur/arrow (7)]
  9649 | D:7      | Shot with an arrow by a centaur

Vanquished Creatures
  Menkaure (D:6)
  An orc warrior (D:7)
  A centaur (D:5)
  A phantom (D:6)
  6 kobold brigands
  Blork the orc (D:5)
  A bullfrog (D:6)
  A necrophage (D:7)
  A scorpion (D:4)
  5 wights (D:7)
  A howler monkey (D:5)
  3 hounds
  An orc priest (D:5)
  2 jellies (D:5)
  An iguana (D:4)
  7 orc wizards
  Robin (D:4)
  4 gnolls
  11 adders
  2 river rats (Sewer)
  A shadow imp (D:6)
  A white imp (D:6)
  2 ufetubi (D:5)
  2 worms (Sewer)
  2 dart slugs
  11 orcs
  17 endoplasms
  4 giant cockroaches
  14 goblins
  6 hobgoblins
  6 jackals
  5 quokkas
  9 ball pythons
  3 bats (D:2)
  4 frilled lizards
  15 kobolds
  6 rats
160 creatures vanquished.

Vanquished Creatures (others)
  3 plants (D:3)
3 creatures vanquished.

Grand Total: 163 creatures vanquished

Table legend: (Time is in decaauts)
 A = Elapsed time spent in this place.
 B = Non-inter-level travel time spent in this place.
 C = Inter-level travel time spent in this place.
 D = Time resting spent in this place.
 E = Time spent auto-exploring this place.
 F = Levels seen in this place.
 G = Mean time per level.
                   A        B        C        D        E       F      G
               +--------+--------+--------+--------+--------+-----+--------+
         Total |   9651 |   9338 |    313 |   2109 |   6016 |   9 | 1072.3 |
       Dungeon |   8315 |   8024 |    291 |   1842 |   5125 |   7 | 1187.9 |
        Temple |    401 |    379 |     22 |    234 |    130 |   1 |  401.0 |
         Sewer |    934 |    934 |      0 |     33 |    761 |   1 |  934.0 |
               +--------+--------+--------+--------+--------+-----+--------+

Top non-repeatable levels by time:
     D:4: 1734 daAuts
     D:3: 1463 daAuts
     D:5: 1337 daAuts
     D:1: 1222 daAuts
     D:2: 997 daAuts
   Sewer: 934 daAuts
     D:6: 887 daAuts
     D:7: 673 daAuts
  Temple: 401 daAuts

Table legend:
 A = Non-vault XP
 B = Vault XP
 C = Vault XP percentage of total XP
 D = Non-vault monster count
 E = Vault monster count
 F = Vault count percentage of total count
                 A         B        C        D         E       F
            +---------+---------+-------+---------+---------+-------
      Total |    1961 |     931 |  32.2 |     107 |      53 |  33.1
            +---------+---------+-------+---------+---------+-------
        D:1 |      33 |       0 |   0.0 |      20 |       0 |   0.0
        D:2 |      33 |       0 |   0.0 |      12 |       0 |   0.0
        D:3 |     109 |       0 |   0.0 |      20 |       0 |   0.0
        D:4 |     198 |      67 |  25.3 |      14 |      22 |  61.1
        D:5 |     605 |      96 |  13.7 |      22 |       1 |   4.3
        D:6 |     221 |     185 |  45.6 |       5 |       2 |  28.6
        D:7 |     762 |       0 |   0.0 |      14 |       0 |   0.0
      Sewer |       0 |     583 | 100.0 |       0 |      28 | 100.0
            +---------+---------+-------+---------+---------+-------
